 Dungeon Crawl Stone Soup version 0.17.1-3-g152610e (webtiles) character file.

31741 inmateoo the Destroyer (level 13, -3/82 HPs)
             Began as an Octopode Conjurer on Feb 19, 2016.
             Was an Elder of Vehumet.
             Slain by a komodo dragon (31 damage)
             ... on level 5 of the Lair of Beasts.
             The game lasted 00:52:41 (19270 turns).

inmateoo the Destroyer (Octopode Conjurer)         Turns: 19270, Time: 00:52:41

Health: -3/82      AC:  5    Str:  8    XL:     13   Next: 60%
Magic:  14/25      EV: 20    Int: 21    God:    Vehumet [****..]
Gold:   964        SH:  6    Dex: 13    Spells: 7 memorised, 3 levels left

rFire  + . .     SeeInvis +     w - +8 demon trident (venom)
rCold  . . .     Clarity  .     N - +1 buckler
rNeg   + . .     SustAt   .     G - +2 hat
rPois  +         Gourm    .     o - amulet of regeneration
rElec  .         Spirit   .     e - +3 ring of evasion
rCorr  .         Warding  .     f - ring of poison resistance
rMut   .         Stasis   .     C - ring of stealth
MR     .....                    u - ring of stealth
Stlth  +++++++++.               R - ring of positive energy
                                (no ring)
                                (no ring)
                                (no ring)

@: not resistant to hostile enchantments, incredibly stealthy
A: almost no armour, amphibious, 8 rings, constrict 8, tentacle spike 1, yellow
scales 1, camouflage 1, see invisible, fire resistance 1, poison resistance,
gelatinous body 1, subdued magic 1
a: Renounce Religion


You were on level 5 of the Lair of Beasts.
You worshipped Vehumet.
Vehumet was greatly pleased with you.
You were not hungry.

You visited 3 branches of the dungeon, and saw 19 of its levels.

You collected 964 gold pieces.

Inventory:

Hand Weapons
 w - a +8 demon trident of venom (weapon)
Armour
 G - a +2 hat (worn)
 N - a +1 buckler (worn)
Jewellery
 e - a +3 ring of evasion (left tentacle)
 f - a ring of poison resistance (right tentacle)
 o - an amulet of regeneration (around mantle)
 r - an uncursed ring of ice
 u - a ring of stealth (on tentacle)
 z - an uncursed amulet of resist mutation
 C - a ring of stealth (on tentacle)
 R - a ring of positive energy (on tentacle)
Wands
 i - a wand of polymorph (16)
 s - a wand of magic darts (30)
 D - a wand of draining (11)
 F - a wand of paralysis (7)
Scrolls
 m - 4 scrolls of remove curse
 q - 6 scrolls of teleportation
 x - 5 scrolls of identify
 B - 2 scrolls of amnesia
 H - a scroll of blinking
 K - a scroll of recharging
 P - a scroll of magic mapping
Potions
 c - 2 potions of flight
 d - 5 potions of curing
 g - 2 potions of cancellation
 h - 3 potions of heal wounds
 j - 3 potions of agility
 k - 2 potions of berserk rage
 n - a potion of haste
 v - a potion of lignification
 A - 4 potions of brilliance
 E - a potion of magic
 I - 2 potions of resistance
 M - 2 potions of invisibility
Books
 a - a book of Conjurations

   Spells                             Type                      Level
   a - Magic Dart                     Conjuration                  1
   b - Searing Ray                    Conjuration                  2
   c - Dazzling Spray                 Conjuration/Hexes            3
   d - Fulminant Prism                Conjuration/Hexes            4
   e - Iskenderun's Mystic Blast      Conjuration                  4
   f - Iskenderun's Battlesphere      Conjuration/Charms           5
 y - a book of Fire

   Spells                             Type                      Level
   a - Ignite Poison                  Fire/Transmutation/Poison    3
   b - Fireball                       Conjuration/Fire             5
   c - Bolt of Fire                   Conjuration/Fire             6
   d - Delayed Fireball               Conjuration/Fire             7
   e - Ring of Flames                 Charms/Fire                  7
 J - the Almanac of Lucky Malediction
   (You found it on level 8 of the Dungeon)

   Spells                             Type                      Level
   a - Infusion                       Charms                       1
   b - Confuse                        Hexes                        3
   c - Fulminant Prism                Conjuration/Hexes            4
   d - Haste                          Charms                       6
   e - Mass Confusion                 Hexes                        6
 L - a book of Minor Magic

   Spells                             Type                      Level
   a - Magic Dart                     Conjuration                  1
   b - Blink                          Translocation                2
   c - Call Imp                       Summoning                    2
   d - Repel Missiles                 Charms/Air                   2
   e - Slow                           Hexes                        2
   f - Conjure Flame                  Conjuration/Fire             3
   g - Mephitic Cloud                 Conjuration/Poison/Air       3
 Q - a book of Frost

   Spells                             Type                      Level
   a - Freeze                         Ice                          1
   b - Throw Frost                    Conjuration/Ice              2
   c - Ozocubu's Armour               Charms/Ice                   3
   d - Throw Icicle                   Conjuration/Ice              4
   e - Summon Ice Beast               Ice/Summoning                4
   f - Condensation Shield            Ice                          4
Comestibles
 b - 13 bread rations
 l - 4 beef jerkies
 p - 8 meat rations
 t - 15 fruits
 O - 5 slices of pizza


   Skills:
 + Level 5.5 Fighting
 * Level 5.0 Polearms
 + Level 9.1 Dodging
 + Level 12.2 Stealth
 - Level 4.0 Shields
 + Level 8.2 Spellcasting
 + Level 12.6 Conjurations
 + Level 7.5 Charms
 * Level 4.8 Fire Magic


You had 3 spell levels left.
You knew the following spells:

 Your Spells              Type           Power        Failure   Level  Hunger
a - Magic Dart            Conj           ####         0%          1    None
b - Searing Ray           Conj           #####.       0%          2    None
c - Dazzling Spray        Conj/Hex       ###.....     1%          3    None
d - Iskenderun's Battles  Conj/Chrm      ####....     1%          5    #####..
e - Haste                 Chrm           ####....     43%         6    ######.
f - Bolt of Fire          Conj/Fire      ####......   7%          6    ######.
g - Repel Missiles        Chrm/Air       ###...       1%          2    None


Dungeon Overview and Level Annotations

Branches:
Dungeon (13/15)            Temple (1/1) D:5            Lair (5/8) D:8
  Swamp (0/4) Lair:4       Spider (0/4) Lair:3          Orc (0/4) D:9
 Vaults: D:13-14

Altars:
Cheibriados
Dithmenos
Elyvilon
Fedhas
Kikubaaqudgha
Makhleb
Nemelex Xobeh
Okawaru
Qazlal
Ru
Sif Muna
Trog
Vehumet
Xom
Yredelemnul
The Shining One


Innate Abilities, Weirdness & Mutations

You cannot wear most types of armour.
You are amphibious.
You can wear up to eight rings at the same time.
You can use your tentacles to constrict eight enemies at once.
Your skin changes colour to match your surroundings (Stealth).
Your rubbery body absorbs attacks (AC +1).
One of your tentacles bears a spike.
You are partially covered in yellow scales (AC +2).
You have supernaturally acute eyesight.
Your flesh is heat resistant.
Your system is resistant to poisons.
Your spells are a little easier to cast, but a little less powerful.


Message History

The magic dart hits the komodo dragon.
The komodo dragon is heavily wounded.
Your battlesphere fires!
The barrage of energy hits the komodo dragon.
The komodo dragon is heavily wounded.
Your battlesphere expends the last of its energy and dissipates.
Casting: Magic Dart
Confirm with . or Enter, or press ? or * to list all spells.
Aiming: Magic Dart
Press: ? - help, Shift-Dir - straight line, f/p - komodo dragon
Aim: a komodo dragon (heavily wounded)
The magic dart hits the komodo dragon.
The komodo dragon is heavily wounded.
The komodo dragon bites you!!
You puncture the komodo dragon!
The komodo dragon is poisoned.
You pierce the komodo dragon, but do no damage.
Your squeeze misses the komodo dragon.
The komodo dragon is almost dead.
The komodo dragon bites you!!
You die...

#######################
......................##
.......................#
..............#.#.......
.............P###.###.##
.............P# ###.#.##
.............## #...#
.......@..†...# ##...#
......l§......# #...##
.............#.# #.#D##
...........>.### ##...#
.............# #..##
..............# #..##
.............## #....
.............# #..##
#....#


You could see a komodo dragon.

Vanquished Creatures
  Gastronok (Lair:1)
  Maud (D:12)
  Fannar (Lair:1)
  A hydra (Lair:3)
  A death yak (Lair:4)
  Urug (Lair:4)
  Sonja (D:12)
  Nergalle (D:11)
  4 hill giants
  An ugly thing (D:12)
  3 elephants (Lair:4)
  Maurice (D:10)
  7 spiny frogs
  5 komodo dragons
  A fire drake (Lair:4)
  Grinder (D:5)
  Prince Ribbit (D:6)
  5 blink frogs
  2 slime creatures (D:12)
  A troll (D:12)
  2 two-headed ogres
  3 trapdoor spiders (Lair:3)
  2 wyverns
  20 yaks
  A human (D:10)
  Grum (D:10)
  3 hungry ghosts
  6 swamp worms (Lair:4)
  4 hippogriffs
  6 wolves
  5 orc warriors
  A mottled dragon (D:12)
  7 water moccasins
  Duvessa (D:7)
  2 ice beasts
  A necrophage (D:12)
  3 phantoms
  6 porcupines
  A black bear (D:4)
  A wasp (D:9)
  4 ogres
  3 centaurs
  2 sky beasts
  9 crocodiles
  A big kobold (D:11)
  A gnoll sergeant (D:9)
  Blork the orc (D:5)
  A water moccasin zombie (D:6)
  10 giant frogs
  4 scorpions
  Dowan (D:7)
  9 wights
  5 electric eels
  6 killer bees
  2 crimson imps
  A giant frog zombie (D:9)
  A gnoll shaman (D:7)
  2 jellies
  3 centaur skeletons
  5 centaur zombies
  6 hounds
  11 orc wizards
  2 giant frog skeletons
  8 orc priests
  12 iguanas
  10 worker ants
  7 sheep
  2 hound zombies
  2 hound skeletons
  2 worker ant zombies
  8 gnolls
  15 adders
  20 river rats
  2 shadow imps
  An ooze (D:3)
  An adder skeleton (D:4)
  3 adder zombies
  A worm (D:2)
  11 giant geckos
  66 orcs
  9 giant cockroaches
  10 hobgoblins
  5 jackals
  7 kobolds
  3 quokkas
  A ball python zombie (D:5)
  4 bats
  2 giant gecko skeletons (D:4)
  2 giant gecko zombies (D:4)
  2 giant newts
  5 goblins
  A jackal skeleton (D:3)
  A quokka skeleton (D:8)
  6 rats
  3 butterflies
438 creatures vanquished.

Vanquished Creatures (others)
  3 fungi
  A plant (Lair:4)
4 creatures vanquished.

Grand Total: 442 creatures vanquished

Notes
Turn   | Place    | Note
--------------------------------------------------------------
     0 | D:1      | inmateoo the Octopode Conjurer began the quest for the Orb.
     0 | D:1      | Reached XP level 1. HP: 11/11 MP: 3/3
   299 | D:1      | Reached XP level 2. HP: 17/17 MP: 1/5
   369 | D:1      | Learned a level 2 spell: Searing Ray
  1008 | D:2      | Reached XP level 3. HP: 16/21 MP: 0/6
  1385 | D:2      | Reached XP level 4. HP: 27/27 MP: 5/7
  1736 | D:3      | Reached skill level 5 in Conjurations
  1818 | D:3      | Reached XP level 5. HP: 20/31 MP: 0/8
  2041 | D:3      | Found an iron altar of Okawaru.
  2046 | D:3      | Found a deep blue altar of Sif Muna.
  2051 | D:3      | Found a burning altar of Makhleb.
  2056 | D:3      | Found a glowing golden altar of the Shining One.
  2086 | D:3      | Noticed a giant frog
  2091 | D:3      | Killed a giant frog
  2091 | D:3      | Reached XP level 6. HP: 36/36 MP: 0/10
  3101 | D:4      | Reached skill level 5 in Stealth
  3101 | D:4      | Reached skill level 6 in Conjurations
  3101 | D:4      | Reached XP level 7. HP: 41/41 MP: 6/11
  3114 | D:4      | Learned a level 3 spell: Dazzling Spray
  3120 | D:4      | Learned a level 5 spell: Iskenderun's Battlesphere
  3216 | D:4      | Reached skill level 1 in Charms
  3952 | D:5      | Entered Level 5 of the Dungeon
  3952 | D:5      | Noticed Blork the orc
  3960 | D:5      | Killed Blork the orc
  4133 | D:5      | Noticed Grinder
  4409 | D:5      | Paralysed by Grinder for 4 turns
  4420 | D:5      | Killed Grinder
  4420 | D:5      | Reached XP level 8. HP: 14/46 MP: 6/13
  4791 | D:5      | Reached skill level 7 in Conjurations
  4792 | D:5      | Found a sacrificial altar of Ru.
  5092 | D:5      | Found a staircase to the Ecumenical Temple.
  5106 | Temple   | Entered the Ecumenical Temple
  5118 | Temple   | Became a worshipper of Vehumet
  5591 | D:5      | Gained mutation: Your flesh is heat resistant. [mutagenic meat]
  5592 | D:5      | Gained mutation: Scrolls take you a little longer to read. [mutagenic meat]
  5669 | D:6      | Noticed Prince Ribbit
  5727 | D:6      | Killed Prince Ribbit
  5731 | D:6      | Reached skill level 5 in Dodging
  5731 | D:6      | Reached XP level 9. HP: 51/51 MP: 3/15
  5899 | D:6      | Gained mutation: You are partially covered in yellow scales (AC +2). [potion of mutation]
  5899 | D:6      | Lost mutation: Scrolls take you a little longer to read. [potion of mutation]
  5899 | D:6      | Gained mutation: You have supernaturally acute eyesight. [potion of mutation]
  5932 | D:6      | Reached skill level 8 in Conjurations
  6676 | D:7      | Reached * piety under Vehumet
  6676 | D:7      | Offered knowledge of Sting by Vehumet.
  6916 | D:7      | Found a white marble altar of Elyvilon.
  7444 | D:7      | Noticed Dowan
  7447 | D:7      | Noticed Duvessa
  7447 | D:7      | Killed Dowan
  7454 | D:7      | Killed Duvessa
  7604 | D:7      | Found a shadowy altar of Dithmenos.
  7722 | D:7      | Reached skill level 5 in Spellcasting
  7750 | D:7      | Gained mutation: One of your tentacles bears a spike. [mutagenic meat]
  7752 | D:7      | Gained mutation: Your spells are a little easier to cast, but a little less powerful. [mutagenic meat]
  7754 | D:7      | Gained mutation: Your system is resistant to poisons. [mutagenic meat]
  8277 | D:8      | Identified the Almanac of Lucky Malediction
  8374 | D:8      | Found a staircase to the Lair.
  8470 | D:8      | Reached skill level 9 in Conjurations
  9016 | D:9      | Reached XP level 10. HP: 56/56 MP: 8/18
  9017 | D:9      | Offered knowledge of Throw Flame by Vehumet.
  9172 | D:9      | Reached ** piety under Vehumet
  9505 | D:9      | Reached skill level 5 in Charms
  9679 | D:9      | Found a staircase to the Orcish Mines.
 10074 | D:9      | Reached skill level 10 in Conjurations
 10075 | D:9      | Offered knowledge of Inner Flame by Vehumet.
 10365 | D:10     | Entered Level 10 of the Dungeon
 10884 | D:10     | Reached *** piety under Vehumet
 10886 | D:10     | Reached skill level 1 in Fighting
 11258 | D:10     | Noticed Maurice
 11275 | D:10     | Killed Maurice
 11275 | D:10     | Reached skill level 1 in Shields
 11275 | D:10     | Reached XP level 11. HP: 48/63 MP: 1/20
 11404 | D:10     | Noticed Grum
 11967 | D:10     | Reached skill level 10 in Stealth
 12094 | D:10     | Killed Grum
 12389 | D:11     | Offered knowledge of Stone Arrow by Vehumet.
 12434 | D:11     | Noticed Nergalle
 12443 | D:11     | Killed Nergalle
 13000 | D:12     | Noticed a hill giant
 13097 | D:12     | Reached **** piety under Vehumet
 13290 | D:12     | Noticed Maud
 13389 | D:12     | Offered knowledge of Bolt of Magma by Vehumet.
 13398 | D:12     | Learned a level 5 spell: Bolt of Magma
 13567 | D:12     | Reached skill level 11 in Conjurations
 13670 | D:12     | Noticed a hill giant
 13701 | D:12     | Noticed a hill giant
 13752 | D:11     | Killed a hill giant
 13882 | D:11     | Killed a hill giant
 14219 | D:12     | Killed a hill giant
 14321 | D:12     | Noticed a hill giant
 14336 | D:12     | Killed a hill giant
 14462 | D:12     | Noticed Sonja
 14475 | D:12     | Killed Sonja
 14475 | D:12     | Reached XP level 12. HP: 71/74 MP: 22/22
 14727 | D:12     | Killed Maud
 15022 | Lair:1   | Entered Level 1 of the Lair of Beasts
 15027 | Lair:1   | Noticed Gastronok
 15065 | Lair:1   | Reached skill level 1 in Polearms
 15382 | Lair:1   | Reached skill level 1 in Fire Magic
 15618 | Lair:1   | Killed Gastronok
 15618 | Lair:1   | Reached skill level 12 in Conjurations
 15645 | Lair:1   | Noticed Fannar
 15745 | Lair:1   | Killed Fannar
 16482 | Lair:2   | Reached XP level 13. HP: 79/81 MP: 24/24
 16488 | Lair:2   | Reached ***** piety under Vehumet
 16802 | Lair:3   | Offered knowledge of Force Lance by Vehumet.
 16813 | Lair:3   | Learned a level 6 spell: Bolt of Fire
 17086 | Lair:3   | Reached skill level 5 in Fighting
 17095 | Lair:3   | Learned a level 2 spell: Repel Missiles
 17439 | Lair:3   | Found a hole to the Spider Nest.
 18107 | Lair:4   | Noticed Urug
 18120 | Lair:4   | Killed Urug
 18191 | Lair:3   | Learned a level 6 spell: Haste
 18574 | Lair:4   | Found a staircase to the Swamp.
 18834 | Lair:4   | Reached skill level 5 in Polearms
 19270 | Lair:5   | Slain by a komodo dragon

Action                   |  1- 3 |  4- 6 |  7- 9 | 10-12 | 13-15 || total
-------------------------+-------+-------+-------+-------+-------++-------
Melee: Unarmed           |     4 |       |       |       |       ||     4
       Dagger            |     9 |    58 |   135 |   220 |       ||   422
       Demon trident     |       |       |       |   158 |   238 ||   396
 Cast: Magic Dart        |    62 |    51 |   122 |   201 |    29 ||   465
       Searing Ray       |       |     4 |    34 |    49 |     4 ||    91
       Dazzling Spray    |       |       |    10 |    42 |    11 ||    63
       Iskenderun's Batt |       |       |    10 |    36 |     4 ||    50
       Bolt of Fire      |       |       |       |       |     2 ||     2
       Repel Missiles    |       |       |       |       |     1 ||     1
Evoke: Wand              |       |       |       |     3 |       ||     3
  Use: Scroll            |     7 |     4 |    14 |     8 |     1 ||    34
       Potion            |       |     1 |     4 |     4 |     3 ||    12
 Stab: Sleeping          |       |    10 |    13 |    16 |    12 ||    51
       Invisible         |       |       |     1 |     6 |     2 ||     9
       Paralysed         |       |       |       |     1 |       ||     1
  Eat: Chunk             |     2 |     4 |    27 |    29 |    10 ||    72
       Meat ration       |       |       |     1 |       |       ||     1
       Pizza             |       |       |     1 |     2 |     1 ||     4
       Fruit             |       |       |       |     3 |       ||     3
       Royal jelly       |       |       |       |     3 |     1 ||     4
       Beef jerky        |       |       |       |     2 |       ||     2
